 Dungeon Sprint DCSS version 0.27.1-33-g824d729ab1 (webtiles) character file.

Game seed: 16095337769049007659

5985 Adenis the Imperceptible (level 10, 0/75 (82) HPs)
             Began as a Vampire Brigand on Dec 4, 2021.
             Was a High Priest of Dithmenos.
             Slain by a demonic crawler (3 damage)
             ... in the Dungeon (Sprint I: "Red Sonja").
             The game lasted 00:09:08 (1255 turns).

Adenis the Imperceptible (Vampire Brigand)          Turns: 1255, Time: 00:09:08

HP:   0/75 (82)     AC:  7    Str: 10    XL:     10   Next: 55%
MP:   1/10          EV: 18    Int: 13    God:    Dithmenos [*****.]
Gold: 1552          SH:  0    Dex: 27    Spells: 9/9 levels left

rFire    . . .     SeeInvis +   m - +2 dagger (venom)
rCold    . . .     Faith    .   (no shield)
rNeg     + + +     Spirit   .   q - +2 leather armour of Dishonesty {Dex+7 Stlth+}
rPois    ∞         Reflect  .   (no helmet)
rElec    .         Harm     .   c - +1 cloak
rCorr    .         Rampage  .   (no gloves)
Will     ∞         NoTele   +   (no boots) Stlth !!!!!!####
                                (no amulet)
HPRegen  0.42/turn              (no ring)
MPRegen  0.12/turn              (no ring)

@: shadow-form, healing quickly, wreathed by umbra, drained, invisible
A: shadow resist, half damage, bleed smoke, invisible, alive, fangs 3, see
invisible, vampiric 2
a: Exsanguinate, End Transformation, Renounce Religion, Shadow Step, Shadow Form


You were in the Dungeon.
You worshipped Dithmenos.
Dithmenos was extremely pleased with you.
You were a swirling mass of dark shadows.
You visited 1 branch You collected 1552 gold pieces.

Inventory:

Hand Weapons
 m - a +2 dagger of venom (weapon)
Missiles
 d - 8 poisoned darts (quivered)
 e - 5 curare-tipped darts
Armour
 c - a +1 cloak (worn)
 q - the +2 leather armour of Dishonesty (worn) {Dex+7 Stlth+}
   (You found it in the Dungeon)

   Dex:       It affects your dexterity (+7).
   Stlth:     It makes you more stealthy.
Scrolls
 j - a scroll of holy word {unknown}
 k - a scroll of identify {unknown}
 o - a scroll of torment {unknown}
 p - a scroll of immolation {unknown}
Potions
 a - a potion of flight {unknown}
 f - 3 potions of curing
 h - 2 potions of haste
 i - 3 potions of magic
 l - 2 potions of lignification {unknown}
 n - 2 potions of mutation {unknown}
 r - a potion of resistance {unknown}


   Skills:
 + Level 8.5 Fighting
 + Level 11.7 Short Blades
 + Level 4.9 Throwing
 + Level 7.3 Dodging
 + Level 26.1 Stealth


You had 9 spell levels left.
You didn't know any spells.
Your spell library was empty.

Dungeon Overview and Level Annotations

Branches:
Dungeon (1/1)

Altars:
Cheibriados
Dithmenos
Elyvilon
Fedhas
Gozag
Hepliaklqana
Kikubaaqudgha
Makhleb
Nemelex Xobeh
Okawaru
Qazlal
Ru
Sif Muna
Trog
Uskayaw
Vehumet
Wu Jian
Xom
Yredelemnul
Zin
The Shining One
Jiyva
Lugonu

Shops:
D *:[


Innate Abilities, Weirdness & Mutations

You are a swirling mass of dark shadows.
You are immune to unholy torment and to willpower attacks.
Damage taken is halved, but you are drained when taking damage.
Your attacks are insubstantial and do half damage.
You bleed smoke when taking damage.
You are invisible.
You are immune to poison.
Your spellcasting is less reliable in this form.
Your natural rate of healing is accelerated.
You have razor-sharp teeth.
You have supernaturally acute eyesight. (SInv)
You are afflicted with vampirism and can become a bat while bloodless.


Message History

The demonic crawler completely misses you.
The demonic crawler misses you.
The demonic crawler completely misses you.
The demonic crawler completely misses you.
The demonic crawler barely misses you.
The demonic crawler closely misses you. x3
The demonic crawler hits you but does no damage.
There is an entrance to Anoqen's Book Emporium here.
You hit the demonic crawler but do no damage.
You bite the demonic crawler, but do no damage.
The demonic crawler is lightly wounded.
Your shadow hits the demonic crawler but does no damage.
The demonic crawler hits you.
The demonic crawler barely misses you. x2
You hit the demonic crawler but do no damage.
The demonic crawler is poisoned.
The demonic crawler is lightly wounded.
Your shadow hits the demonic crawler but does no damage.
The demonic crawler misses you. The demonic crawler closely misses you.
The demonic crawler misses you.
The demonic crawler hits you but does no damage. x3
The demonic crawler hits you!
* * * LOW HITPOINT WARNING * * *
You emit a cloud of dark smoke.
You feel drained.
The demonic crawler hits you but does no damage.
The demonic crawler barely misses you. The demonic crawler barely misses you.
The demonic crawler completely misses you.
The demonic crawler closely misses you. x2
The demonic crawler hits you but does no damage.
The demonic crawler hits you!
* * * LOW HITPOINT WARNING * * *
You emit a cloud of dark smoke.
You feel drained.
There is a bloodstained altar of Trog here.
The demonic crawler hits you but does no damage.
The demonic crawler closely misses you. x4
The demonic crawler hits you but does no damage.
The demonic crawler barely misses you. The demonic crawler misses you.
The demonic crawler hits you but does no damage.
There is an iron altar of Okawaru here.
The demonic crawler hits you!
You die...

#####################
#<.#.[)..#.)'..#__#..
#..'..#..'..#..'^s'..
#..#####'#####s#__###
#..####..#...#.####.§
#..#§§####..##.#≈§§.§
#..#§§ss§##'#_.'≈≈§.§
#⌠⌠#Wss§§.'...§#§§§.§
####§§§_§##_.#'##§###
#§§___###'#.#..(.#
############.####'###
#∩........'.).'.....'
###++++####...#######
###.###....§
#.#'#.#.....
#.....#'..##


You could see 3 demonic crawlers.

Vanquished Creatures
  2 centaur warriors (D)
  Sonja (D)
  A deep troll (D)
  An oklob plant (D)
  2 unseen horrors (D)
  2 kobold demonologists (D)
  A hornet (D)
  A slime creature (D)
  2 redbacks (D)
  Sigmund (D)
  A yak (D)
  2 floating eyes (D)
  7 necrophages (D)
  An ogre (D)
  8 jellies (D)
  Ijyb (D)
34 creatures vanquished.

Vanquished Creatures (others)
  2 ballistomycete spores (D)
2 creatures vanquished.

Grand Total: 36 creatures vanquished

Notes
Turn   | Place    | Note
-------+----------+-------------------------------------------
     0 | D        | Adenis the Vampire Brigand began the quest for the Orb.
     0 | D        | Reached XP level 1. HP: 16/16 MP: 1/1
     2 | D        | Noticed Ijyb
    27 | D        | Killed Ijyb
    28 | D        | Reached skill level 9 in Stealth
    28 | D        | Reached XP level 2. HP: 10/23 MP: 2/2
   194 | D        | Noticed an ogre
   199 | D        | Killed an ogre
   200 | D        | Reached skill level 12 in Stealth
   200 | D        | Gained mutation: You are afflicted with vampirism and can
                  | become a bat while bloodless. [Vampire growth]
   200 | D        | Reached XP level 3. HP: 29/29 MP: 3/3
   200 | D        | Reached XP level 4. HP: 35/35 MP: 4/4
   352 | D        | Noticed Sigmund
   362 | D        | Killed Sigmund
   363 | D        | Reached skill level 5 in Short Blades
   363 | D        | Reached skill level 15 in Stealth
   363 | D        | Reached XP level 5. HP: 33/42 MP: 5/5
   363 | D        | Reached XP level 6. HP: 38/48 MP: 6/6
   401 | D        | Found an ornate altar of the Wu Jian Council.
   401 | D        | Found a shimmering blue altar of Sif Muna.
   403 | D        | Found a radiant altar of Vehumet.
   420 | D        | Found Anoqen's Book Emporium.
   420 | D        | Found an ancient bone altar of Kikubaaqudgha.
   420 | D        | Found a hazy altar of Hepliaklqana.
   420 | D        | Found a stormy altar of Qazlal.
   420 | D        | Found a hide-covered altar of Uskayaw.
   420 | D        | Found a blossoming altar of Fedhas.
   420 | D        | Found a bloodstained altar of Trog.
   420 | D        | Found an iron altar of Okawaru.
   420 | D        | Found a basalt altar of Yredelemnul.
   420 | D        | Found a snail-covered altar of Cheibriados.
   420 | D        | Found a sacrificial altar of Ru.
   420 | D        | Found a shadowy altar of Dithmenos.
   420 | D        | Noticed a yak
   421 | D        | Found an opulent altar of Gozag.
   422 | D        | Killed a yak
   423 | D        | Reached skill level 17 in Stealth
   423 | D        | Found a sparkling altar of Nemelex Xobeh.
   431 | D        | Became a worshipper of Dithmenos the Shadowed
   476 | D        | Noticed Sonja
   480 | D        | Killed Sonja
   481 | D        | Reached skill level 5 in Fighting
   481 | D        | Reached skill level 20 in Stealth
   481 | D        | Reached XP level 7. HP: 56/56 MP: 7/7
   481 | D        | Reached XP level 8. HP: 63/63 MP: 8/8
   497 | D        | Noticed a deep troll
   501 | D        | Killed a deep troll
   502 | D        | Reached skill level 21 in Stealth
   511 | D        | Found Jeitecix's Armour Emporium.
   532 | D        | Found Alixiawu's Assorted Antiques.
   572 | D        | Found a burning altar of Makhleb.
   572 | D        | Found a viscous altar of Jiyva.
   572 | D        | Found a shimmering altar of Xom.
   572 | D        | Found a corrupted altar of Lugonu.
   572 | D        | Noticed a slime creature
   575 | D        | Killed a slime creature
   575 | D        | Reached * piety under Dithmenos
   588 | D        | Noticed a kobold demonologist
   588 | D        | Noticed a kobold demonologist
   591 | D        | Paralysed by a floating eye for 2 turns
   594 | D        | Noticed a sun demon
   596 | D        | Reached skill level 22 in Stealth
   616 | D        | Noticed an ice devil
   622 | D        | Killed a kobold demonologist
   622 | D        | Killed a kobold demonologist
   622 | D        | Reached ** piety under Dithmenos
   623 | D        | Reached skill level 10 in Short Blades
   623 | D        | Reached XP level 9. HP: 32/71 MP: 9/9
   718 | D        | Noticed a demonic crawler
   718 | D        | Noticed a demonic crawler
   718 | D        | Noticed a demonic crawler
   718 | D        | Noticed a demonic crawler
   759 | D        | Noticed a centaur warrior
   760 | D        | Noticed a centaur warrior
   762 | D        | Killed a centaur warrior
   763 | D        | Reached skill level 23 in Stealth
   765 | D        | Killed a centaur warrior
   766 | D        | Reached skill level 5 in Dodging
   766 | D        | Reached skill level 24 in Stealth
   777 | D        | Reached *** piety under Dithmenos
   788 | D        | Noticed an oklob plant
   790 | D        | Killed an oklob plant
   791 | D        | Reached XP level 10. HP: 80/80 MP: 10/10
   807 | D        | Reached skill level 25 in Stealth
   828 | D        | Reached **** piety under Dithmenos
   853 | D        | Reached ***** piety under Dithmenos
  1042 | D        | Reached skill level 26 in Stealth
  1044 | D        | Reached ****** piety under Dithmenos
  1058 | D        | Identified the +2 leather armour of Dishonesty {Dex+7
                  | Stlth+}
  1245 | D        | HP: 3/82 [demonic crawler (4)]
  1253 | D        | HP: 2/76 [demonic crawler (4)]
  1255 | D        | Slain by a demonic crawler

Illustrated notes

Levels and vault maps discovered:
D:        dungeon_sprint_1 [red_sonja_temple_1, red_sonja_temple_small_1]

Skill      XL: |  1  2  3  4  5  6  7  8  9 10 |
---------------+-------------------------------+-----
Fighting       | 2 3 4 5 6 8 |  8.5
Short Blades   | 3 4 5 8 10 11 | 11.7
Throwing       | 2 3 4 |  4.9
Stealth        | 9 12 15 20 22 24 26 | 26.1
Dodging        | 2 3 6 7 |  7.3

Action                   |  1- 3 |  4- 6 |  7- 9 | 10-12 || total
-------------------------+-------+-------+-------+-------++-------
Melee: Dagger            |    26 |    11 |    33 |    78 ||   148
       Bite              |       |       |     2 |    13 ||    15
Invok: Shadow Form       |       |       |       |     1 ||     1
  Use: Potion            |     1 |       |     1 |     1 ||     3
       Scroll            |       |       |     1 |     1 ||     2
 Stab: Sleeping          |     1 |     3 |     6 |    14 ||    24
Armor: Skin              |     1 |       |       |       ||     1
       Robe              |       |       |     9 |     1 ||    10
       Leather armour    |       |       |       |    19 ||    19
Dodge: Dodged            |     7 |     2 |    28 |    84 ||   121
